 Dungeon Crawl Stone Soup version 0.32-a0-685-g93135e86f0 (webtiles) character file.

Game seed: 2988525410999333023

376 Fodor the Chopper (level 6, -1/53 HPs)
             Began as a Minotaur Fighter on Mar 12, 2024.
             Slain by a gnoll
             ... wielding a +0 halberd
              (4 damage)
             ... on level 3 of the Dungeon.
             The game lasted 00:06:47 (2300 turns).

Fodor the Chopper (Minotaur Fighter)                Turns: 2300, Time: 00:06:47

Health: -1/53      AC:  7    Str: 22    XL:     6   Next: 44%
Magic:  5/5        EV: 10    Int:  5    God:
Gold:   953        SH:  4    Dex: 10    Spells: 5/5 levels left

rFire   . . .        a - +0 war axe
rCold   . . .        c - +0 buckler
rNeg    . . .        b - +0 scale mail
rPois   .            (helmet restricted)
rElec   .            (no cloak)
rCorr   .            (no gloves)
SInv    .            (no boots)
Will    .....        (no amulet) Stlth
                     (no ring)
HPRegen 0.28/turn    (no ring)
MPRegen 0.09/turn

%: no passive effects
@: no status effects
A: horns 2, retaliatory headbutt
a: no special abilities


You were on level 3 of the Dungeon.
You visited 1 branch of the dungeon, and saw 3 of its levels.
You also visited: Sewer.

You collected 953 gold pieces.

Inventory:

Hand Weapons
 a - a +0 war axe (weapon)
Missiles
 h - 6 boomerangs (quivered)
Armour
 b - a +0 scale mail (worn)
 c - a +0 buckler (worn)
Wands
 o - a wand of charming (8)
 q - a wand of flame (43)
Scrolls
 e - 2 scrolls of immolation
 f - a scroll of enchant weapon {unknown}
 g - 2 scrolls of enchant armour {unknown}
 i - 2 scrolls of summoning {unknown}
 k - a scroll of teleportation
 l - 2 scrolls of acquirement
 m - a scroll of fear {unknown}
 r - a scroll of torment {unknown}
Potions
 d - 3 potions of might
 j - 4 potions of haste {unknown}
 n - a potion of attraction {unknown}
 p - 3 potions of lignification {unknown}


   Skills:
 + Level 4.4 Fighting
 + Level 6.0 Axes
 + Level 5.3 Armour
 + Level 1.4 Dodging
 + Level 0.1 Stealth
 + Level 4.3 Shields


You had 5 spell levels left.
You didn't know any spells.
Your spell library was empty.

Dungeon Overview and Level Annotations

Branches:
Dungeon (3/15)              Sewer (visited)

Altars:
Cheibriados


Innate Abilities, Weirdness & Mutations

You have a pair of horns on your head.
You reflexively headbutt those who attack you in melee.


Message History

The gnoll hits you from afar with a +0 halberd!
Natasha misses you.
You closely miss Natasha. You block the gnoll's attack.
Natasha casts a spell at you. The magic dart hits you.
* * * LOW HITPOINT WARNING * * *
The gnoll hits you but does no damage.
You slash Natasha!
Natasha is almost dead.
Natasha stares at you and mumbles some strange words.
The magic dart hits you.
* * * LOW HITPOINT WARNING * * *
The gnoll barely misses you.
You closely miss Natasha. Your headbutt misses Natasha.
Natasha is almost dead.
Natasha claws you.
* * * LOW HITPOINT WARNING * * *
You block the gnoll's attack.
You barely miss Natasha.
Natasha is almost dead.
Natasha casts a spell at you. The magic dart hits you!
* * * LOW HITPOINT WARNING * * *
The gnoll barely misses you.
You slash Natasha!
You kill Natasha!
Natasha screams in fury as she dies!
The bat hits you but does no damage. The gnoll barely misses you.
You block the gnoll's attack.
Your Axes skill increases to level 6!
You block the bat's attack.
The frilled lizard bites you but does no damage.
The gnoll barely misses you.
Things that are here:
a +0 whip; a +0 halberd You closely miss the frilled lizard.
You barely miss the gnoll. The frilled lizard bites you.
* * * LOW HITPOINT WARNING * * *
The gnoll hits you with a +0 halberd.
You die...

### #### .$ .
#..( .[. .##.#
##.#.##.##......
.........#...#..
#...<...=....
#.##..#......
..#.##..#......
......gl.....#
.##.###@#......
# #)##...##
.##.###.# ...#
........# ..#
.#..##### .# #
.. # .#.#. .....
..##.


You could see a gnoll and a frilled lizard.

Vanquished Creatures
  2 brain worms (Sewer)
  Ijyb (D:3)
  Natasha (D:3)
  Robin (D:2)
  7 adders
  3 gnolls (D:3)
  3 river rats (Sewer)
  11 ball pythons
  7 endoplasms
  3 giant cockroaches
  12 goblins
  5 hobgoblins
  A quokka (D:3)
  3 bats (D:2)
  4 frilled lizards
  5 kobolds
  10 rats (Sewer)
79 creatures vanquished.

Notes
Turn   | Place    | Note
-------+----------+-------------------------------------------
     0 | D:1      | Fodor the Minotaur Fighter began the quest for the Orb.
     0 | D:1      | Reached XP level 1. HP: 19/19 MP: 0/0
   401 | D:1      | Found a faded altar of an unknown god.
   409 | D:1      | Reached XP level 2. HP: 27/27 MP: 1/1
   749 | D:3      | Reached skill level 3 in Axes
   749 | D:3      | Found a glowing drain.
   758 | Sewer    | Entered a sewer
   786 | Sewer    | Reached XP level 3. HP: 31/33 MP: 2/2
   801 | Sewer    | Reached skill level 4 in Axes
   880 | Sewer    | Reached XP level 4. HP: 38/40 MP: 3/3
  1003 | Sewer    | Noticed a brain worm
  1010 | Sewer    | Killed a brain worm
  1011 | Sewer    | Reached XP level 5. HP: 38/46 MP: 2/4
  1088 | Sewer    | Reached skill level 5 in Axes
  1283 | D:3      | Noticed Ijyb
  1367 | D:3      | Killed Ijyb
  1368 | D:3      | Reached skill level 5 in Armour
  1508 | D:2      | Noticed Robin
  1531 | D:2      | Killed Robin
  1532 | D:2      | Reached skill level 1 in Dodging
  1532 | D:2      | Reached XP level 6. HP: 40/53 MP: 5/5
  1955 | D:2      | Found a snail-covered altar of Cheibriados.
  2182 | D:2      | Identified 3 scrolls of acquirement
  2182 | D:2      | Acquired 805 gold pieces
  2281 | D:3      | Noticed Natasha
  2298 | D:3      | Killed Natasha
  2299 | D:3      | Reached skill level 6 in Axes
  2300 | D:3      | Slain by a gnoll

Illustrated notes

Levels and vault maps discovered:
D:1:      grunt_arrival_lava_bath, layout_basic,
          hellmonk_ecumenical_altar_blasted, chequers_arboretum
D:2:      minmay_recursive_quarters, layout_rooms, basic_altar,
          lemuel_flame_loot_1, uniq_robin
D:3:      layout_loops_cross, kiku_gazebo_garden_becter, portal_sewer_entry_d,
          uniq_ijyb, uniq_natasha

Skill      XL: |  1  2  3  4  5  6 |
---------------+-------------------+-----
Fighting       | 4 |  4.4
Axes           | 3 4 5 6 |  6.0
Armour         | 4 5 |  5.3
Shields        | 4 |  4.3
Dodging        | 1 |  1.4
Stealth        | |  0.1

Action                     |  1- 3 |  4- 6 || total
---------------------------+-------+-------++-------
  Melee: War axe           |    60 |   105 ||   165
         Headbutt          |     4 |     9 ||    13
  Throw: Boomerang         |       |     3 ||     3
    Use: Scroll            |       |     2 ||     2
 Armour: Scale mail        |    45 |   130 ||   175
  Dodge: Dodged            |    33 |    83 ||   116
  Block: Buckler           |    14 |    28 ||    42

Table legend: (Time is in decaauts)
 A = Elapsed time spent in this place.
 B = Non-inter-level travel time spent in this place.
 C = Inter-level travel time spent in this place.
 D = Time resting spent in this place.
 E = Time spent auto-exploring this place.
 F = Levels seen in this place.
 G = Mean time per level.
                   A        B        C        D        E       F      G
               +--------+--------+--------+--------+--------+-----+--------+
         Total |   2404 |   2391 |     13 |      0 |   1588 |   4 |  601.0 |
       Dungeon |   1849 |   1836 |     13 |      0 |   1268 |   3 |  616.3 |
         Sewer |    555 |    555 |      0 |      0 |    320 |   1 |  555.0 |
               +--------+--------+--------+--------+--------+-----+--------+

Top non-repeatable levels by time:
     D:2: 818 daAuts
     D:1: 743 daAuts
   Sewer: 555 daAuts
     D:3: 286 daAuts
